[ PARTIDA AOE2 · #458520268 ]
UnrankedBúlgaros vs Lithuanians
[ ANÁLISIS DE REPETICIÓN · EXTRAÍDO DE LA PARTIDA GRABADA ]
Feudal
13:27
Castillos
17:07
Imperial
—
| APM promedio | 25.5 |
| APM pico | 62 |
| eAPM promedio | 16.7 |
| Aldeanos / militares | 97 / 7 |
Foco
⚔️ 35.9% · 🌾 64.1%
Fishing Ship ×6 · Battering Ram ×6 · Konnik ×1
Feudal
13:26
Castillos
17:02
Imperial
27:39
| APM promedio | 43.6 |
| APM pico | 75 |
| eAPM promedio | 27.9 |
| Aldeanos / militares | 143 / 28 |
Foco
⚔️ 30.3% · 🌾 69.7%
Fishing Ship ×28 · Leitis ×16 · Monk ×4 · Fire Galley ×4 · Trebuchet (Packed) ×4
Feudal
14:00
Castillos
18:20
Imperial
36:47
| APM promedio | 46.9 |
| APM pico | 88 |
| eAPM promedio | 26.7 |
| Aldeanos / militares | 138 / 59 |
Foco
⚔️ 28.3% · 🌾 71.7%
Camel Archer ×53 · Fishing Ship ×10 · Monk ×3 · Trebuchet (Packed) ×3
Feudal
12:44
Castillos
17:54
Imperial
—
| APM promedio | 48.1 |
| APM pico | 91 |
| eAPM promedio | 17.7 |
| Aldeanos / militares | 115 / 48 |
Foco
⚔️ 28.2% · 🌾 71.8%
War Wagon ×30 · Skirmisher ×13 · Fishing Ship ×9 · Galley ×2 · Monk ×1 · Fire Galley ×1
Feudal
—
Castillos
—
Imperial
—
| APM promedio | 33.8 |
| APM pico | 84 |
| eAPM promedio | 18.8 |
| Aldeanos / militares | 102 / 63 |
Foco
⚔️ 24.7% · 🌾 75.3%
Kona ×59 · Fishing Ship ×9 · Battering Ram ×3 · Petard ×1
Feudal
12:27
Castillos
21:08
Imperial
—
| APM promedio | 46.5 |
| APM pico | 76 |
| eAPM promedio | 26.5 |
| Aldeanos / militares | 176 / 71 |
Foco
⚔️ 30.2% · 🌾 69.8%
Galley ×25 · Militia ×24 · Spearman ×16 · Fishing Ship ×6 · Mangonel ×4 · Monk ×2
Feudal
15:12
Castillos
18:44
Imperial
30:37
| APM promedio | 44.2 |
| APM pico | 92 |
| eAPM promedio | 26.8 |
| Aldeanos / militares | 141 / 74 |
Foco
⚔️ 32.1% · 🌾 67.9%
Fire Lancer ×40 · Fishing Ship ×31 · Unknown (2626) ×27 · Fire Galley ×21 · Turtle Ship ×6 · Bombard Cannon ×6
Feudal
11:59
Castillos
—
Imperial
—
| APM promedio | 32.5 |
| APM pico | 64 |
| eAPM promedio | 17.5 |
| Aldeanos / militares | 74 / 17 |
Foco
⚔️ 27.4% · 🌾 72.6%
Archer ×12 · Spearman ×5 · Fishing Ship ×4
Mapa de la partida
Recursos iniciales + cada clic de construcción. Líneas = muros · curvas = relieve. ◆ oro · ⬟ piedra · ● bayas · ✦ reliquia · ◌ hueco del cierre
Tu base· Abierta — hueco de 6t
Base de Westbrook· Abierta — hueco de 5t
Base de Heassa· Abierta — hueco de 15t
Base de Buzzplash· Abierta — flanco sin cerrar
Base de cachicuervoo· Abierta — flanco sin cerrar
Base de TopperHarley14· Abierta — hueco de 14t
Base de nono12· Abierta — hueco de 3t
Base de LM | L3ouis· Abierta — flanco sin cerrar
Terreno inicial suavizado · ◌ = hueco del cierre detectado · pasá el cursor para detalles
Inputs por minuto
— aioraaoe - - Westbrook
Build order — aioraaoe
Primeras 150 de 193 acciones detectadas
| 0:10 | Construir | Town Center |
| 0:30 | Construir | Town Center |
| 0:46 | Construir | Dock |
| 0:51 | Construir | House |
| 2:00 | Construir | Palisade Wall |
| 2:12 | Construir | Palisade Wall |
| 2:22 | Construir | Palisade Wall |
| 2:33 | Construir | Palisade Wall |
| 2:37 | Construir | Palisade Wall |
| 2:38 | Construir | Palisade Wall |
| 2:39 | Construir | Palisade Wall |
| 2:46 | Construir | Palisade Wall |
| 2:48 | Construir | Palisade Wall |
| 3:06 | Construir | Palisade Wall |
| 3:15 | Crear | Villager (Male) |
| 3:16 | Crear | Villager (Male) |
| 3:28 | Crear | Villager (Male) |
| 3:32 | Crear | Villager (Male) |
| 4:01 | Crear | Villager (Male) |
| 4:01 | Crear | Villager (Male) |
| 5:02 | Investigar | Loom |
| 5:06 | Crear | Fishing Ship |
| 5:22 | Crear | Villager (Male) |
| 5:32 | Construir | House |
| 5:51 | Investigar | Loom |
| 6:14 | Crear | Villager (Male) |
| 6:18 | Crear | Fishing Ship |
| 6:42 | Crear | Villager (Male) |
| 6:53 | Crear | Fishing Ship |
| 7:14 | Crear | Villager (Male) |
| 7:16 | Construir | House |
| 7:39 | Crear | Villager (Male) |
| 7:43 | Crear | Fishing Ship |
| 8:13 | Crear | Villager (Male) |
| 8:14 | Crear | Fishing Ship |
| 8:31 | Construir | House |
| 8:33 | Crear | Villager (Male) |
| 8:34 | Crear | Villager (Male) |
| 8:55 | Crear | Villager (Male) |
| 9:08 | Crear | Fishing Ship |
| 9:17 | Crear | Villager (Male) |
| 9:23 | Crear | Villager (Male) |
| 9:35 | Crear | Villager (Male) |
| 9:58 | Crear | Villager (Male) |
| 10:36 | Construir | Mining Camp |
| 11:17 | Investigar | Feudal Age |
| 11:52 | Construir | Mill |
| 12:03 | Construir | House |
| 12:56 | Crear | Villager (Male) |
| 13:27 | Edad | Edad Feudal |
| 13:31 | Construir | Blacksmith |
| 13:33 | Construir | Market |
| 13:35 | Investigar | Town Watch |
| 14:26 | Construir | Mining Camp |
| 14:27 | Investigar | Castle Age |
| 14:56 | Investigar | Fletching |
| 15:06 | Construir | Outpost |
| 15:38 | Crear | Villager (Male) |
| 15:48 | Construir | Palisade Gate |
| 16:44 | Construir | Palisade Wall |
| 16:47 | Construir | Palisade Wall |
| 17:07 | Edad | Edad de los Castillos |
| 17:41 | Construir | Krepost |
| 17:53 | Construir | Palisade Gate |
| 18:02 | Construir | Palisade Gate |
| 18:22 | Crear | Villager (Male) |
| 18:22 | Crear | Villager (Male) |
| 18:32 | Crear | Villager (Male) |
| 18:56 | Crear | Konnik |
| 19:35 | Construir | Lumber Camp |
| 19:41 | Crear | Villager (Male) |
| 19:55 | Crear | Villager (Male) |
| 20:07 | Investigar | Double-Bit Axe |
| 20:43 | Crear | Villager (Male) |
| 21:03 | Crear | Villager (Male) |
| 21:27 | Construir | Siege Workshop |
| 21:31 | Crear | Villager (Male) |
| 21:47 | Crear | Villager (Male) |
| 21:47 | Crear | Villager (Male) |
| 22:19 | Crear | Villager (Male) |
| 22:29 | Crear | Villager (Male) |
| 22:30 | Crear | Villager (Male) |
| 22:33 | Crear | Battering Ram |
| 22:49 | Construir | Outpost |
| 23:03 | Construir | House |
| 23:11 | Crear | Villager (Male) |
| 23:27 | Crear | Villager (Male) |
| 24:05 | Crear | Villager (Male) |
| 24:13 | Construir | Krepost |
| 24:26 | Construir | Mill |
| 24:58 | Crear | Battering Ram |
| 25:11 | Construir | Palisade Wall |
| 25:12 | Construir | Palisade Wall |
| 25:32 | Construir | Town Center |
| 26:33 | Construir | Krepost |
| 26:35 | Investigar | Bodkin Arrow |
| 26:36 | Investigar | Bodkin Arrow |
| 26:37 | Crear | Villager (Male) |
| 26:37 | Crear | Villager (Male) |
| 27:06 | Crear | Villager (Male) |
| 27:13 | Construir | Farm |
| 27:16 | Construir | Farm |
| 27:17 | Construir | Farm |
| 27:19 | Construir | Farm |
| 27:19 | Construir | Farm |
| 27:21 | Construir | Farm |
| 27:24 | Crear | Villager (Male) |
| 27:24 | Crear | Villager (Male) |
| 27:33 | Construir | Mining Camp |
| 27:41 | Crear | Villager (Male) |
| 27:54 | Construir | Lumber Camp |
| 27:58 | Construir | Lumber Camp |
| 28:01 | Construir | Lumber Camp |
| 28:03 | Crear | Villager (Male) |
| 28:03 | Crear | Villager (Male) |
| 28:18 | Construir | Palisade Wall |
| 28:18 | Crear | Villager (Male) |
| 28:33 | Construir | Farm |
| 28:39 | Crear | Villager (Male) |
| 28:39 | Crear | Villager (Male) |
| 29:00 | Construir | Krepost |
| 29:02 | Crear | Villager (Male) |
| 29:02 | Crear | Villager (Male) |
| 29:17 | Crear | Villager (Male) |
| 29:29 | Crear | Villager (Male) |
| 29:29 | Crear | Villager (Male) |
| 29:41 | Crear | Villager (Male) |
| 30:04 | Crear | Battering Ram |
| 30:05 | Crear | Battering Ram |
| 30:17 | Crear | Villager (Male) |
| 30:19 | Crear | Villager (Male) |
| 30:26 | Crear | Villager (Male) |
| 30:39 | Construir | Town Center |
| 30:41 | Construir | House |
| 30:45 | Crear | Villager (Male) |
| 30:59 | Crear | Villager (Male) |
| 31:03 | Crear | Villager (Male) |
| 31:04 | Crear | Villager (Male) |
| 31:14 | Investigar | Bow Saw |
| 31:17 | Investigar | Horse Collar |
| 31:17 | Investigar | Horse Collar |
| 31:31 | Crear | Villager (Male) |
| 31:46 | Crear | Battering Ram |
| 31:47 | Crear | Villager (Male) |
| 31:47 | Crear | Villager (Male) |
| 31:57 | Crear | Villager (Male) |
| 32:06 | Crear | Villager (Male) |
| 32:12 | Crear | Villager (Male) |
| 32:13 | Crear | Villager (Male) |
| 32:16 | Construir | Farm |
Build order — Westbrook
Primeras 150 de 349 acciones detectadas
| 0:10 | Construir | Town Center |
| 0:24 | Construir | Dock |
| 0:26 | Construir | Palisade Wall |
| 0:27 | Construir | House |
| 0:29 | Construir | Palisade Wall |
| 2:07 | Construir | Palisade Wall |
| 2:31 | Crear | Villager (Male) |
| 2:31 | Crear | Villager (Male) ×5 |
| 2:31 | Crear | Villager (Male) ×5 |
| 3:38 | Crear | Fishing Ship |
| 3:58 | Crear | Villager (Male) |
| 4:21 | Crear | Fishing Ship |
| 4:51 | Construir | House |
| 5:07 | Crear | Fishing Ship |
| 5:07 | Crear | Fishing Ship |
| 5:19 | Crear | Villager (Male) |
| 5:43 | Crear | Villager (Male) |
| 5:43 | Crear | Villager (Male) |
| 6:10 | Crear | Fishing Ship |
| 6:12 | Crear | Villager (Male) |
| 6:24 | Crear | Villager (Male) |
| 6:55 | Construir | House |
| 6:56 | Crear | Villager (Male) |
| 7:02 | Crear | Fishing Ship |
| 7:12 | Construir | House |
| 7:20 | Crear | Villager (Male) |
| 7:46 | Crear | Villager (Male) |
| 7:53 | Crear | Fishing Ship |
| 8:02 | Construir | House |
| 8:04 | Crear | Villager (Male) |
| 8:22 | Crear | Fishing Ship |
| 8:36 | Crear | Villager (Male) |
| 9:00 | Construir | Palisade Gate |
| 9:04 | Construir | Palisade Gate |
| 9:10 | Crear | Villager (Male) |
| 9:22 | Crear | Villager (Male) |
| 9:23 | Crear | Fishing Ship |
| 9:31 | Construir | House |
| 9:50 | Crear | Villager (Male) |
| 9:57 | Construir | Mill |
| 10:02 | Crear | Fishing Ship |
| 10:16 | Crear | Villager (Male) |
| 10:36 | Construir | Dock |
| 10:41 | Crear | Villager (Male) |
| 10:44 | Construir | House |
| 11:08 | Crear | Fishing Ship |
| 11:14 | Investigar | Feudal Age |
| 11:14 | Investigar | Feudal Age |
| 11:14 | Investigar | Feudal Age |
| 11:21 | Construir | House |
| 11:33 | Crear | Fishing Ship |
| 11:56 | Construir | Mining Camp |
| 12:01 | Investigar | Loom |
| 12:03 | Crear | Villager (Male) |
| 12:20 | Crear | Fishing Ship |
| 12:31 | Crear | Fishing Ship |
| 13:26 | Edad | Edad Feudal |
| 13:28 | Construir | Market |
| 13:53 | Construir | Blacksmith |
| 14:23 | Investigar | Castle Age |
| 14:23 | Investigar | Castle Age |
| 14:29 | Construir | Lumber Camp |
| 14:40 | Construir | Palisade Wall |
| 14:54 | Investigar | Double-Bit Axe |
| 14:54 | Investigar | Double-Bit Axe |
| 15:12 | Crear | Villager (Male) |
| 15:29 | Construir | Lumber Camp |
| 15:39 | Construir | Dock |
| 15:48 | Investigar | Tech 906 |
| 15:48 | Investigar | Tech 906 |
| 16:16 | Crear | Fire Galley |
| 16:18 | Crear | Fire Galley |
| 16:35 | Construir | House |
| 16:37 | Construir | House |
| 16:42 | Construir | Palisade Wall |
| 16:55 | Crear | Fire Galley |
| 17:02 | Edad | Edad de los Castillos |
| 17:08 | Investigar | Tech 905 |
| 17:15 | Crear | Villager (Male) |
| 17:24 | Investigar | Bow Saw |
| 17:24 | Investigar | Bow Saw |
| 17:32 | Construir | Town Center |
| 17:43 | Crear | Villager (Male) |
| 17:49 | Investigar | Gillnets |
| 18:12 | Crear | Villager (Male) |
| 18:28 | Crear | Villager (Male) |
| 18:31 | Crear | Villager (Male) |
| 18:41 | Construir | Town Center |
| 18:47 | Investigar | Wheelbarrow |
| 18:55 | Crear | Villager (Male) |
| 18:57 | Crear | Villager (Male) |
| 19:01 | Investigar | Gold Mining |
| 19:01 | Investigar | Gold Mining |
| 19:02 | Investigar | Gold Mining |
| 19:21 | Construir | Town Center |
| 19:25 | Crear | Villager (Male) |
| 19:26 | Crear | Villager (Male) |
| 19:38 | Crear | Villager (Male) |
| 19:42 | Construir | Dock |
| 19:50 | Crear | Fishing Ship |
| 19:53 | Crear | Villager (Male) |
| 19:59 | Crear | Villager (Male) |
| 20:17 | Crear | Fishing Ship |
| 20:18 | Crear | Fishing Ship |
| 20:18 | Crear | Fishing Ship |
| 20:18 | Crear | Fishing Ship |
| 20:21 | Crear | Villager (Male) |
| 20:26 | Crear | Villager (Male) |
| 20:36 | Crear | Villager (Male) |
| 20:38 | Crear | Villager (Male) |
| 20:39 | Crear | Villager (Male) |
| 20:40 | Crear | Villager (Male) |
| 20:41 | Crear | Villager (Male) |
| 20:46 | Crear | Villager (Male) |
| 20:55 | Crear | Fishing Ship |
| 21:02 | Crear | Fishing Ship |
| 21:03 | Crear | Fishing Ship |
| 21:04 | Crear | Villager (Male) |
| 21:13 | Crear | Villager (Male) |
| 21:17 | Crear | Villager (Male) |
| 21:28 | Investigar | Hand Cart |
| 21:30 | Crear | Villager (Male) |
| 21:34 | Crear | Fishing Ship |
| 21:43 | Crear | Villager (Male) |
| 21:53 | Crear | Villager (Male) |
| 22:04 | Crear | Villager (Male) |
| 22:08 | Crear | Fishing Ship ×4 |
| 22:22 | Crear | Villager (Male) |
| 22:40 | Construir | Dock |
| 22:43 | Crear | Villager (Male) |
| 22:47 | Construir | House |
| 22:47 | Construir | House |
| 22:58 | Crear | Villager (Male) |
| 23:08 | Crear | Villager (Male) |
| 23:11 | Construir | Monastery |
| 23:12 | Crear | Villager (Male) |
| 23:13 | Crear | Villager (Male) |
| 23:13 | Crear | Villager (Male) |
| 23:17 | Construir | House |
| 23:30 | Crear | Fire Galley |
| 23:39 | Crear | Villager (Male) |
| 23:46 | Construir | University |
| 23:47 | Crear | Villager (Male) |
| 23:48 | Crear | Villager (Male) |
| 23:52 | Construir | House |
| 23:53 | Construir | Stone Wall |
| 23:59 | Construir | Castle |
| 24:00 | Crear | Villager (Male) |
| 24:01 | Crear | Villager (Male) |
| 24:02 | Crear | Villager (Male) |
Build order — Heassa
Primeras 150 de 326 acciones detectadas
| 0:04 | Construir | Town Center |
| 0:26 | Construir | Dock |
| 0:28 | Construir | House |
| 0:35 | Construir | House |
| 2:22 | Crear | Villager (Male) |
| 2:22 | Crear | Villager (Male) |
| 2:23 | Crear | Villager (Male) |
| 2:23 | Crear | Villager (Male) |
| 2:23 | Crear | Villager (Male) |
| 3:34 | Crear | Villager (Male) |
| 3:34 | Crear | Villager (Male) |
| 3:58 | Crear | Fishing Ship |
| 3:58 | Crear | Fishing Ship |
| 4:11 | Construir | Palisade Wall |
| 4:13 | Construir | Palisade Wall |
| 4:15 | Construir | Palisade Wall |
| 4:18 | Construir | Palisade Wall |
| 4:22 | Construir | Palisade Wall |
| 4:25 | Construir | Palisade Wall |
| 4:33 | Investigar | Loom |
| 4:34 | Crear | Villager (Male) |
| 4:35 | Crear | Villager (Male) |
| 4:51 | Construir | Palisade Wall |
| 4:52 | Construir | Palisade Wall |
| 5:02 | Crear | Fishing Ship |
| 5:03 | Construir | House |
| 5:18 | Crear | Villager (Male) |
| 5:32 | Construir | House |
| 5:57 | Crear | Fishing Ship |
| 5:58 | Crear | Villager (Male) |
| 5:58 | Crear | Villager (Male) |
| 6:29 | Crear | Villager (Male) |
| 6:29 | Crear | Villager (Male) |
| 6:31 | Crear | Fishing Ship |
| 6:32 | Crear | Fishing Ship |
| 6:49 | Crear | Villager (Male) |
| 6:50 | Crear | Villager (Male) |
| 7:17 | Crear | Villager (Male) |
| 7:17 | Crear | Villager (Male) |
| 7:18 | Crear | Fishing Ship |
| 7:30 | Crear | Villager (Male) |
| 7:48 | Construir | House |
| 8:02 | Construir | House |
| 8:11 | Crear | Villager (Male) |
| 8:12 | Crear | Villager (Male) |
| 8:50 | Construir | House |
| 8:55 | Crear | Villager (Male) |
| 8:56 | Crear | Fishing Ship |
| 8:56 | Crear | Villager (Male) |
| 8:56 | Crear | Fishing Ship |
| 9:09 | Crear | Villager (Male) |
| 9:16 | Crear | Villager (Male) |
| 9:28 | Crear | Villager (Male) |
| 9:38 | Construir | House |
| 9:46 | Construir | Mill |
| 9:48 | Crear | Villager (Male) |
| 10:01 | Construir | House |
| 10:53 | Construir | Lumber Camp |
| 11:01 | Construir | House |
| 11:04 | Construir | House |
| 11:24 | Crear | Villager (Male) |
| 11:32 | Crear | Fishing Ship |
| 11:47 | Investigar | Feudal Age |
| 11:47 | Investigar | Feudal Age |
| 11:55 | Construir | Mining Camp |
| 12:29 | Crear | Villager (Male) |
| 12:30 | Crear | Villager (Male) |
| 13:11 | Crear | Villager (Male) |
| 13:11 | Crear | Villager (Male) |
| 13:47 | Construir | House |
| 14:00 | Edad | Edad Feudal |
| 14:16 | Construir | Blacksmith |
| 14:22 | Construir | Market |
| 14:44 | Construir | Mining Camp |
| 15:16 | Crear | Villager (Male) |
| 15:17 | Crear | Villager (Male) |
| 15:19 | Investigar | Castle Age |
| 15:19 | Investigar | Castle Age |
| 15:24 | Investigar | Double-Bit Axe |
| 15:25 | Investigar | Double-Bit Axe |
| 15:30 | Investigar | Horse Collar |
| 15:31 | Investigar | Horse Collar |
| 15:49 | Construir | House |
| 15:50 | Construir | House |
| 16:47 | Construir | House |
| 16:48 | Construir | House |
| 17:24 | Construir | Outpost |
| 17:25 | Construir | Outpost |
| 18:20 | Edad | Edad de los Castillos |
| 18:34 | Crear | Villager (Male) |
| 18:40 | Construir | Farm |
| 18:41 | Construir | Farm |
| 18:46 | Crear | Villager (Male) |
| 18:46 | Crear | Villager (Male) |
| 18:57 | Construir | Outpost |
| 19:00 | Investigar | Town Watch |
| 19:00 | Investigar | Town Watch |
| 19:17 | Construir | Castle |
| 19:27 | Construir | Farm |
| 19:28 | Construir | Farm |
| 19:51 | Construir | House |
| 19:52 | Construir | House |
| 19:52 | Construir | House |
| 20:03 | Crear | Villager (Male) |
| 20:04 | Crear | Villager (Male) |
| 20:04 | Crear | Villager (Male) |
| 20:12 | Construir | Farm |
| 20:15 | Construir | Farm |
| 20:16 | Construir | Farm |
| 20:18 | Construir | Farm |
| 20:19 | Crear | Villager (Male) |
| 20:21 | Crear | Camel Archer |
| 20:21 | Crear | Camel Archer |
| 20:25 | Investigar | Fletching |
| 20:25 | Investigar | Fletching |
| 20:46 | Crear | Villager (Male) |
| 20:50 | Crear | Camel Archer |
| 20:50 | Crear | Camel Archer |
| 21:13 | Crear | Villager (Male) |
| 21:13 | Crear | Villager (Male) |
| 21:19 | Crear | Camel Archer |
| 21:19 | Crear | Camel Archer |
| 21:37 | Crear | Villager (Male) |
| 21:37 | Crear | Villager (Male) |
| 21:44 | Crear | Villager (Male) |
| 21:45 | Crear | Villager (Male) |
| 21:46 | Crear | Camel Archer |
| 21:46 | Crear | Camel Archer |
| 22:02 | Construir | Town Center |
| 22:17 | Crear | Camel Archer |
| 22:18 | Crear | Villager (Male) |
| 22:18 | Crear | Villager (Male) |
| 22:18 | Crear | Villager (Male) |
| 22:49 | Investigar | Padded Archer Armor |
| 22:49 | Investigar | Padded Archer Armor |
| 22:52 | Crear | Villager (Male) |
| 22:54 | Crear | Camel Archer |
| 23:05 | Crear | Villager (Male) |
| 23:05 | Crear | Villager (Male) |
| 23:08 | Construir | Monastery |
| 24:07 | Crear | Camel Archer |
| 24:07 | Crear | Camel Archer |
| 24:08 | Crear | Villager (Male) |
| 24:08 | Crear | Villager (Male) |
| 24:18 | Crear | Monk |
| 24:26 | Investigar | Wheelbarrow |
| 24:27 | Investigar | Wheelbarrow |
| 24:42 | Crear | Villager (Male) |
| 24:42 | Crear | Villager (Male) |
| 24:51 | Crear | Camel Archer |
Build order — Buzzplash
Primeras 150 de 265 acciones detectadas
| 0:20 | Construir | Town Center |
| 0:48 | Construir | Dock |
| 0:50 | Construir | House |
| 2:35 | Crear | Villager (Male) ×4 |
| 2:35 | Crear | Villager (Male) ×4 |
| 3:14 | Crear | Fishing Ship |
| 3:29 | Crear | Villager (Male) |
| 4:09 | Crear | Fishing Ship |
| 4:09 | Crear | Fishing Ship |
| 4:39 | Crear | Villager (Male) |
| 4:39 | Crear | Villager (Male) |
| 4:43 | Investigar | Loom |
| 4:49 | Construir | House |
| 4:57 | Crear | Villager (Male) |
| 4:58 | Crear | Villager (Male) |
| 5:20 | Crear | Villager (Male) |
| 5:21 | Crear | Villager (Male) |
| 5:36 | Crear | Villager (Male) |
| 5:36 | Crear | Villager (Male) |
| 5:38 | Crear | Fishing Ship |
| 5:38 | Crear | Fishing Ship |
| 6:02 | Construir | House |
| 6:04 | Crear | Villager (Male) |
| 6:04 | Crear | Villager (Male) |
| 6:30 | Crear | Villager (Male) |
| 6:43 | Crear | Fishing Ship |
| 6:46 | Crear | Villager (Male) |
| 6:47 | Crear | Villager (Male) |
| 7:14 | Crear | Villager (Male) |
| 7:14 | Crear | Villager (Male) |
| 7:17 | Crear | Fishing Ship |
| 7:17 | Crear | Fishing Ship |
| 7:35 | Construir | House |
| 7:53 | Crear | Villager (Male) |
| 8:00 | Crear | Fishing Ship |
| 8:13 | Construir | House |
| 8:17 | Crear | Villager (Male) |
| 8:37 | Crear | Villager (Male) |
| 8:58 | Crear | Villager (Male) |
| 9:05 | Crear | Villager (Male) |
| 9:17 | Construir | Mill |
| 9:35 | Crear | Villager (Male) |
| 10:08 | Crear | Villager (Male) |
| 10:17 | Crear | Villager (Male) |
| 10:25 | Investigar | Feudal Age |
| 10:25 | Investigar | Feudal Age |
| 11:00 | Crear | Villager (Male) |
| 11:00 | Crear | Villager (Male) |
| 11:12 | Construir | Dock |
| 11:15 | Construir | House |
| 12:22 | Construir | Mining Camp |
| 12:44 | Edad | Edad Feudal |
| 12:48 | Crear | Fire Galley |
| 13:16 | Crear | Villager (Male) |
| 13:16 | Crear | Villager (Male) |
| 13:30 | Construir | Market |
| 13:33 | Crear | Villager (Male) |
| 13:59 | Construir | Mining Camp |
| 14:09 | Crear | Villager (Male) |
| 14:27 | Crear | Villager (Male) |
| 14:31 | Construir | Blacksmith |
| 14:46 | Construir | House |
| 15:06 | Investigar | Castle Age |
| 15:06 | Investigar | Castle Age |
| 15:20 | Crear | Galley |
| 15:32 | Crear | Villager (Male) |
| 16:00 | Construir | Lumber Camp |
| 16:37 | Crear | Villager (Male) |
| 16:58 | Crear | Villager (Male) |
| 17:22 | Crear | Unit 2626 |
| 17:33 | Investigar | Double-Bit Axe |
| 17:54 | Edad | Edad de los Castillos |
| 18:02 | Construir | Castle |
| 18:10 | Investigar | Bow Saw |
| 18:18 | Crear | Turtle Ship |
| 18:33 | Investigar | Fletching |
| 18:47 | Crear | Villager (Male) |
| 18:57 | Crear | Villager (Male) |
| 19:04 | Construir | Farm |
| 19:08 | Construir | Farm |
| 19:08 | Construir | Farm |
| 19:10 | Crear | War Wagon |
| 19:10 | Crear | War Wagon |
| 19:29 | Crear | War Wagon |
| 19:56 | Crear | Villager (Male) |
| 20:05 | Investigar | Bodkin Arrow |
| 20:22 | Crear | Galley |
| 20:23 | Crear | Villager (Male) |
| 20:42 | Crear | Villager (Male) |
| 20:53 | Construir | Town Center |
| 20:54 | Crear | Villager (Male) |
| 20:57 | Investigar | Wheelbarrow |
| 21:11 | Crear | Villager (Male) |
| 21:13 | Crear | War Wagon |
| 21:13 | Crear | War Wagon |
| 21:18 | Crear | Villager (Male) |
| 21:18 | Crear | Villager (Male) |
| 21:19 | Crear | Villager (Male) |
| 21:19 | Crear | Villager (Male) |
| 21:40 | Crear | Villager (Male) |
| 21:53 | Crear | War Wagon |
| 21:55 | Crear | Villager (Male) |
| 21:56 | Crear | Villager (Male) |
| 22:11 | Crear | War Wagon |
| 22:15 | Crear | Villager (Male) |
| 22:47 | Crear | War Wagon |
| 22:49 | Crear | Villager (Male) |
| 23:09 | Crear | Villager (Male) |
| 23:16 | Crear | War Wagon |
| 23:24 | Construir | University |
| 23:27 | Crear | Villager (Male) |
| 23:28 | Crear | Villager (Male) |
| 23:39 | Crear | War Wagon |
| 23:53 | Crear | War Wagon |
| 23:53 | Crear | War Wagon |
| 23:57 | Crear | Villager (Male) |
| 23:57 | Crear | Villager (Male) |
| 24:14 | Crear | Villager (Male) |
| 24:19 | Crear | War Wagon |
| 24:20 | Crear | Villager (Male) |
| 24:38 | Construir | Castle |
| 24:48 | Investigar | Ballistics |
| 24:49 | Investigar | Ballistics |
| 24:50 | Crear | Villager (Male) |
| 24:50 | Crear | Villager (Male) |
| 24:59 | Crear | War Wagon |
| 25:21 | Crear | Villager (Male) |
| 25:21 | Crear | Villager (Male) |
| 25:29 | Crear | War Wagon |
| 25:31 | Crear | Villager (Male) |
| 25:34 | Construir | Farm |
| 25:35 | Construir | Farm |
| 25:41 | Investigar | Horse Collar |
| 25:42 | Investigar | Horse Collar |
| 25:51 | Crear | Villager (Male) |
| 25:53 | Crear | War Wagon |
| 26:06 | Crear | Villager (Male) |
| 26:06 | Crear | Villager (Male) |
| 26:12 | Construir | Monastery |
| 26:14 | Construir | House |
| 26:22 | Crear | War Wagon |
| 26:43 | Crear | War Wagon |
| 26:44 | Crear | War Wagon |
| 26:44 | Crear | Villager (Male) |
| 26:44 | Crear | Villager (Male) |
| 26:58 | Crear | Villager (Male) |
| 26:59 | Crear | Villager (Male) |
| 27:16 | Crear | War Wagon |
| 27:16 | Crear | War Wagon |
| 27:29 | Construir | Barracks |
Build order — cachicuervoo
Primeras 150 de 247 acciones detectadas
| 0:33 | Construir | Town Center |
| 1:42 | Construir | Dock |
| 1:44 | Construir | House |
| 2:44 | Crear | Villager (Male) |
| 2:44 | Crear | Villager (Male) |
| 2:44 | Crear | Villager (Male) |
| 2:45 | Crear | Villager (Male) |
| 2:45 | Crear | Villager (Male) |
| 4:13 | Crear | Fishing Ship |
| 4:13 | Crear | Fishing Ship |
| 4:24 | Crear | Villager (Male) |
| 4:25 | Crear | Villager (Male) |
| 4:52 | Construir | House |
| 4:58 | Crear | Villager (Male) |
| 4:59 | Crear | Villager (Male) |
| 5:23 | Crear | Fishing Ship |
| 5:24 | Crear | Fishing Ship |
| 5:35 | Crear | Villager (Male) |
| 5:35 | Crear | Villager (Male) |
| 6:04 | Crear | Villager (Male) |
| 6:05 | Crear | Villager (Male) |
| 6:11 | Construir | House |
| 6:13 | Crear | Fishing Ship |
| 6:13 | Crear | Fishing Ship |
| 6:32 | Crear | Villager (Male) |
| 6:32 | Crear | Villager (Male) |
| 6:56 | Crear | Villager (Male) |
| 6:57 | Crear | Villager (Male) |
| 7:02 | Crear | Fishing Ship |
| 7:03 | Crear | Fishing Ship |
| 7:24 | Crear | Villager (Male) |
| 7:24 | Crear | Villager (Male) |
| 7:25 | Crear | Villager (Male) |
| 7:35 | Construir | House |
| 8:14 | Crear | Villager (Male) |
| 8:15 | Crear | Fishing Ship |
| 8:33 | Crear | Villager (Male) |
| 8:54 | Crear | Villager (Male) |
| 9:01 | Construir | House |
| 9:10 | Construir | Settlement |
| 9:13 | Construir | House |
| 9:26 | Crear | Villager (Male) |
| 9:50 | Investigar | Loom |
| 10:24 | Investigar | Feudal Age |
| 10:24 | Investigar | Feudal Age |
| 12:36 | Construir | Market |
| 12:44 | Construir | Blacksmith |
| 12:51 | Construir | Palisade Wall |
| 12:56 | Crear | Villager (Male) |
| 13:31 | Investigar | Castle Age |
| 14:02 | Investigar | Double-Bit Axe |
| 15:27 | Construir | House |
| 16:15 | Crear | Villager (Male) |
| 16:29 | Construir | Castle |
| 16:36 | Construir | Settlement |
| 16:39 | Construir | Farm |
| 16:41 | Construir | Farm |
| 16:45 | Construir | Farm |
| 16:49 | Construir | Farm |
| 16:52 | Crear | Villager (Male) |
| 16:55 | Investigar | Horse Collar |
| 17:14 | Crear | Villager (Male) |
| 17:26 | Crear | Kona |
| 17:27 | Crear | Villager (Male) |
| 17:40 | Crear | Kona |
| 17:40 | Crear | Kona |
| 17:42 | Crear | Villager (Male) |
| 18:00 | Crear | Petard |
| 18:11 | Crear | Kona |
| 18:11 | Crear | Kona |
| 18:13 | Crear | Villager (Male) |
| 18:15 | Construir | Farm |
| 18:23 | Crear | Kona |
| 18:23 | Crear | Kona |
| 18:36 | Crear | Kona |
| 18:37 | Crear | Kona |
| 19:07 | Crear | Kona |
| 19:08 | Crear | Kona |
| 19:39 | Crear | Villager (Male) |
| 19:45 | Crear | Kona |
| 19:45 | Crear | Kona |
| 20:00 | Crear | Kona |
| 20:01 | Crear | Kona |
| 20:29 | Crear | Kona |
| 20:30 | Crear | Kona |
| 20:30 | Crear | Kona |
| 20:40 | Construir | Siege Workshop |
| 20:41 | Crear | Kona |
| 20:41 | Crear | Kona |
| 21:13 | Crear | Kona |
| 21:20 | Crear | Kona |
| 21:20 | Crear | Kona |
| 21:43 | Crear | Battering Ram |
| 21:43 | Crear | Battering Ram |
| 21:48 | Crear | Kona |
| 21:49 | Crear | Kona |
| 22:03 | Crear | Kona |
| 22:04 | Crear | Kona |
| 22:20 | Crear | Battering Ram |
| 22:29 | Crear | Kona |
| 22:29 | Crear | Kona |
| 22:29 | Crear | Kona |
| 22:51 | Crear | Kona |
| 22:51 | Crear | Kona |
| 22:52 | Crear | Kona |
| 23:17 | Crear | Kona |
| 23:17 | Crear | Kona |
| 23:33 | Crear | Kona |
| 23:33 | Crear | Kona |
| 23:33 | Crear | Kona |
| 23:38 | Crear | Kona |
| 23:38 | Crear | Kona |
| 23:41 | Construir | Farm |
| 23:42 | Construir | Farm |
| 24:04 | Crear | Villager (Male) |
| 24:05 | Crear | Kona |
| 24:05 | Crear | Kona |
| 24:07 | Crear | Villager (Male) |
| 24:08 | Crear | Villager (Male) |
| 24:18 | Crear | Kona |
| 24:25 | Construir | Farm |
| 24:36 | Crear | Kona |
| 24:36 | Crear | Kona |
| 24:56 | Crear | Villager (Male) |
| 25:16 | Investigar | Forging |
| 25:16 | Crear | Kona |
| 25:23 | Crear | Villager (Male) |
| 25:38 | Crear | Kona |
| 25:39 | Crear | Kona |
| 25:39 | Crear | Kona |
| 25:45 | Crear | Kona |
| 25:45 | Crear | Kona |
| 25:59 | Crear | Villager (Male) |
| 26:06 | Construir | Farm |
| 26:06 | Construir | Farm |
| 26:06 | Construir | Farm |
| 26:07 | Construir | Farm |
| 26:07 | Construir | Farm |
| 26:27 | Crear | Villager (Male) |
| 26:41 | Crear | Villager (Male) |
| 27:01 | Crear | Villager (Male) |
| 27:11 | Crear | Villager (Male) |
| 27:24 | Construir | House |
| 27:49 | Crear | Kona |
| 27:50 | Crear | Kona |
| 27:50 | Crear | Kona |
| 28:08 | Crear | Kona |
| 28:08 | Crear | Kona |
| 28:33 | Crear | Kona |
| 28:52 | Crear | Villager (Male) |
Build order — TopperHarley14
Primeras 150 de 401 acciones detectadas
| 0:10 | Construir | Town Center |
| 1:38 | Construir | Dock |
| 2:28 | Crear | Villager (Male) |
| 2:28 | Crear | Villager (Male) |
| 2:28 | Crear | Villager (Male) |
| 2:28 | Crear | Villager (Male) |
| 2:29 | Crear | Villager (Male) |
| 3:06 | Investigar | Loom |
| 3:07 | Crear | Villager (Male) |
| 3:07 | Crear | Villager (Male) |
| 3:07 | Crear | Villager (Male) |
| 3:24 | Crear | Fishing Ship |
| 4:04 | Construir | Palisade Wall |
| 4:12 | Construir | House |
| 4:35 | Crear | Fishing Ship |
| 4:45 | Crear | Villager (Male) |
| 5:11 | Construir | Palisade Wall |
| 5:15 | Construir | Palisade Wall |
| 5:21 | Crear | Fishing Ship |
| 5:29 | Crear | Villager (Male) |
| 5:54 | Crear | Fishing Ship |
| 6:07 | Crear | Villager (Male) |
| 6:07 | Crear | Villager (Male) |
| 6:33 | Crear | Villager (Male) |
| 6:34 | Crear | Villager (Male) |
| 6:35 | Construir | House |
| 6:52 | Crear | Fishing Ship |
| 7:05 | Crear | Villager (Male) |
| 7:06 | Crear | Villager (Male) |
| 7:06 | Crear | Villager (Male) |
| 7:35 | Crear | Villager (Male) |
| 7:35 | Crear | Villager (Male) |
| 7:44 | Crear | Villager (Male) |
| 7:44 | Crear | Villager (Male) |
| 8:06 | Crear | Fishing Ship |
| 8:09 | Crear | Villager (Male) |
| 8:09 | Crear | Villager (Male) |
| 8:12 | Construir | House |
| 9:08 | Construir | Lumber Camp |
| 9:13 | Crear | Villager (Male) |
| 9:43 | Crear | Villager (Male) |
| 9:47 | Construir | House |
| 10:17 | Investigar | Feudal Age |
| 10:26 | Construir | Mining Camp |
| 10:57 | Crear | Villager (Male) |
| 10:57 | Crear | Villager (Male) |
| 11:02 | Construir | Dock |
| 11:49 | Construir | Dock |
| 12:27 | Edad | Edad Feudal |
| 12:28 | Crear | Galley |
| 12:28 | Crear | Galley |
| 12:29 | Construir | Blacksmith |
| 12:43 | Investigar | Double-Bit Axe |
| 12:53 | Crear | Galley |
| 12:54 | Crear | Galley |
| 12:59 | Crear | Villager (Male) |
| 12:59 | Crear | Villager (Male) |
| 13:00 | Crear | Villager (Male) |
| 13:00 | Crear | Villager (Male) |
| 13:00 | Crear | Villager (Male) |
| 13:00 | Crear | Villager (Male) |
| 13:00 | Crear | Villager (Male) |
| 13:13 | Investigar | Fletching |
| 13:30 | Crear | Galley ×2 |
| 13:39 | Crear | Villager (Male) |
| 14:00 | Crear | Galley ×2 |
| 14:11 | Crear | Villager (Male) |
| 14:37 | Construir | House |
| 14:37 | Construir | House |
| 14:43 | Construir | Mill |
| 14:48 | Crear | Galley |
| 15:15 | Crear | Galley |
| 15:27 | Construir | House |
| 15:28 | Construir | House |
| 15:29 | Construir | House |
| 15:30 | Construir | House |
| 15:36 | Crear | Villager (Male) |
| 15:36 | Crear | Villager (Male) |
| 15:37 | Crear | Galley |
| 16:03 | Crear | Galley |
| 16:25 | Crear | Galley |
| 16:25 | Crear | Villager (Male) |
| 16:26 | Crear | Villager (Male) |
| 17:02 | Crear | Villager (Male) |
| 17:03 | Crear | Galley ×2 |
| 17:20 | Construir | Market |
| 18:02 | Crear | Villager (Male) |
| 18:02 | Crear | Villager (Male) |
| 18:25 | Investigar | Castle Age |
| 18:25 | Investigar | Castle Age |
| 18:40 | Investigar | Horse Collar |
| 19:06 | Crear | Galley |
| 19:29 | Crear | Galley ×2 |
| 19:58 | Crear | Galley |
| 20:42 | Crear | Galley ×2 |
| 20:56 | Crear | Galley ×2 |
| 21:08 | Edad | Edad de los Castillos |
| 21:09 | Investigar | Bodkin Arrow |
| 21:09 | Investigar | Bodkin Arrow |
| 21:11 | Investigar | War Galley (upgrade) |
| 21:33 | Crear | Galley ×2 |
| 21:51 | Crear | Villager (Male) |
| 21:51 | Crear | Villager (Male) |
| 21:54 | Construir | Town Center |
| 21:56 | Construir | Town Center |
| 22:27 | Crear | Villager (Male) |
| 22:33 | Crear | Villager (Male) |
| 23:07 | Crear | Villager (Male) |
| 23:07 | Crear | Villager (Male) |
| 23:07 | Crear | Villager (Male) |
| 23:12 | Investigar | Bow Saw |
| 23:12 | Investigar | Bow Saw |
| 23:18 | Crear | Villager (Male) |
| 23:19 | Crear | Villager (Male) |
| 23:38 | Construir | Monastery |
| 23:43 | Crear | Villager (Male) |
| 23:43 | Crear | Villager (Male) |
| 23:49 | Crear | Villager (Male) |
| 23:49 | Crear | Villager (Male) |
| 23:52 | Construir | Barracks |
| 23:59 | Investigar | Tech 906 |
| 24:21 | Crear | Villager (Male) |
| 24:21 | Crear | Villager (Male) |
| 24:23 | Crear | Monk |
| 24:23 | Crear | Monk |
| 24:44 | Crear | Villager (Male) |
| 24:44 | Crear | Villager (Male) |
| 24:45 | Crear | Villager (Male) |
| 24:50 | Construir | Farm |
| 24:50 | Construir | Farm |
| 24:50 | Construir | Farm |
| 24:58 | Crear | Villager (Male) |
| 24:59 | Crear | Villager (Male) |
| 25:12 | Investigar | Pikeman (upgrade) |
| 25:12 | Investigar | Pikeman (upgrade) |
| 25:13 | Crear | Spearman |
| 25:13 | Crear | Spearman |
| 25:13 | Crear | Spearman |
| 25:24 | Crear | Villager (Male) |
| 25:24 | Crear | Villager (Male) |
| 25:25 | Crear | Villager (Male) |
| 25:26 | Crear | Villager (Male) |
| 25:26 | Crear | Villager (Male) |
| 25:31 | Construir | Farm |
| 25:31 | Construir | Farm |
| 25:31 | Construir | Farm |
| 25:32 | Construir | Farm |
| 25:32 | Construir | Farm |
| 25:32 | Construir | Farm |
| 25:32 | Construir | Farm |
Build order — nono12
Primeras 150 de 439 acciones detectadas
| 0:12 | Construir | Town Center |
| 0:39 | Construir | Dock |
| 0:45 | Construir | House |
| 2:31 | Crear | Villager (Male) |
| 2:31 | Crear | Villager (Male) |
| 2:31 | Crear | Villager (Male) |
| 2:31 | Crear | Villager (Male) |
| 2:31 | Crear | Villager (Male) |
| 2:31 | Crear | Villager (Male) |
| 3:40 | Construir | House |
| 3:47 | Crear | Fishing Ship |
| 3:48 | Crear | Fishing Ship |
| 4:02 | Crear | Villager (Male) |
| 4:16 | Construir | House |
| 4:34 | Crear | Villager (Male) |
| 4:34 | Crear | Villager (Male) |
| 4:34 | Crear | Villager (Male) |
| 5:00 | Crear | Villager (Male) |
| 5:23 | Crear | Villager (Male) |
| 5:45 | Crear | Villager (Male) |
| 5:45 | Crear | Villager (Male) |
| 5:45 | Crear | Villager (Male) |
| 5:49 | Crear | Fishing Ship |
| 6:02 | Construir | House |
| 6:18 | Crear | Villager (Male) |
| 6:18 | Crear | Villager (Male) |
| 6:18 | Crear | Villager (Male) |
| 6:18 | Crear | Villager (Male) |
| 6:18 | Crear | Villager (Male) |
| 6:18 | Crear | Villager (Male) |
| 6:32 | Crear | Fishing Ship |
| 6:34 | Crear | Villager (Male) |
| 6:34 | Crear | Villager (Male) |
| 6:34 | Crear | Villager (Male) |
| 6:56 | Construir | House |
| 7:09 | Crear | Villager (Male) |
| 7:10 | Crear | Fishing Ship |
| 7:25 | Crear | Villager (Male) |
| 7:25 | Crear | Villager (Male) |
| 7:38 | Crear | Fishing Ship |
| 7:50 | Construir | Palisade Gate |
| 8:01 | Crear | Villager (Male) |
| 8:07 | Construir | House |
| 8:16 | Construir | Dock |
| 8:30 | Construir | House |
| 8:34 | Crear | Villager (Male) |
| 8:34 | Crear | Villager (Male) |
| 8:34 | Crear | Villager (Male) |
| 8:39 | Crear | Fishing Ship |
| 8:43 | Construir | House |
| 9:02 | Crear | Villager (Male) |
| 9:02 | Crear | Villager (Male) |
| 9:02 | Crear | Villager (Male) |
| 9:05 | Crear | Fishing Ship |
| 9:08 | Construir | House |
| 9:12 | Construir | House |
| 9:21 | Crear | Villager (Male) |
| 9:35 | Crear | Fishing Ship |
| 9:52 | Crear | Villager (Male) |
| 9:53 | Crear | Fishing Ship |
| 10:06 | Crear | Villager (Male) |
| 10:08 | Crear | Fishing Ship |
| 10:08 | Crear | Fishing Ship |
| 10:42 | Crear | Villager (Male) |
| 10:44 | Crear | Fishing Ship |
| 10:49 | Construir | House |
| 10:53 | Crear | Fishing Ship |
| 11:08 | Crear | Villager (Male) |
| 11:08 | Crear | Villager (Male) |
| 11:08 | Crear | Villager (Male) |
| 11:23 | Construir | Dock |
| 11:28 | Crear | Fishing Ship |
| 11:28 | Crear | Fishing Ship |
| 11:31 | Crear | Villager (Male) |
| 11:43 | Construir | Lumber Camp |
| 12:00 | Crear | Fishing Ship |
| 12:00 | Crear | Fishing Ship |
| 12:14 | Crear | Fishing Ship |
| 12:23 | Crear | Villager (Male) |
| 12:42 | Crear | Fishing Ship |
| 12:42 | Crear | Fishing Ship |
| 12:43 | Crear | Villager (Male) |
| 12:45 | Construir | House |
| 12:51 | Construir | House |
| 12:51 | Construir | House |
| 12:52 | Construir | House |
| 13:02 | Investigar | Feudal Age |
| 13:15 | Crear | Fishing Ship |
| 13:15 | Crear | Fishing Ship |
| 13:24 | Construir | Mining Camp |
| 13:39 | Crear | Fishing Ship |
| 13:39 | Crear | Fishing Ship |
| 13:45 | Crear | Villager (Male) |
| 13:58 | Construir | Mill |
| 14:26 | Construir | Lumber Camp |
| 14:57 | Investigar | Loom |
| 15:12 | Edad | Edad Feudal |
| 15:14 | Construir | Blacksmith |
| 15:15 | Construir | Market |
| 15:20 | Investigar | Double-Bit Axe |
| 16:04 | Investigar | Castle Age |
| 16:04 | Investigar | Castle Age |
| 16:10 | Investigar | Gold Mining |
| 16:13 | Crear | Unit 2626 |
| 16:13 | Crear | Unit 2626 |
| 16:14 | Crear | Unit 2626 |
| 16:23 | Construir | Dock |
| 16:26 | Crear | Unit 2626 |
| 16:26 | Crear | Unit 2626 |
| 16:31 | Crear | Unit 2626 |
| 16:32 | Crear | Unit 2626 |
| 16:32 | Crear | Unit 2626 |
| 16:32 | Crear | Unit 2626 |
| 16:44 | Investigar | Tech 906 |
| 16:44 | Investigar | Tech 906 |
| 16:46 | Investigar | Forging |
| 16:47 | Investigar | Forging |
| 16:52 | Construir | House |
| 17:15 | Crear | Unit 2626 |
| 17:15 | Crear | Unit 2626 |
| 17:15 | Crear | Unit 2626 |
| 17:15 | Crear | Unit 2626 |
| 17:38 | Construir | Dock |
| 18:04 | Crear | Unit 2626 |
| 18:04 | Crear | Unit 2626 |
| 18:05 | Crear | Unit 2626 |
| 18:05 | Crear | Unit 2626 |
| 18:05 | Crear | Unit 2626 |
| 18:07 | Crear | Villager (Male) |
| 18:08 | Crear | Villager (Male) |
| 18:08 | Crear | Villager (Male) |
| 18:25 | Construir | House |
| 18:44 | Edad | Edad de los Castillos |
| 18:46 | Investigar | War Galley (upgrade) |
| 18:47 | Investigar | War Galley (upgrade) |
| 18:55 | Construir | Town Center |
| 19:00 | Construir | House |
| 19:13 | Crear | Villager (Male) |
| 19:13 | Crear | Villager (Male) |
| 19:27 | Investigar | Iron Casting |
| 19:27 | Investigar | Iron Casting |
| 19:34 | Construir | House |
| 19:43 | Crear | Unit 2626 |
| 19:43 | Crear | Unit 2626 |
| 19:43 | Crear | Unit 2626 |
| 19:43 | Crear | Unit 2626 |
| 19:47 | Crear | Fire Galley |
| 19:49 | Crear | Unit 2626 |
| 20:09 | Crear | Turtle Ship |
| 20:09 | Crear | Turtle Ship |
Build order — LM | L3ouis
150 acciones detectadas en el replay
| 0:06 | Construir | Town Center |
| 0:45 | Construir | Dock |
| 1:07 | Construir | House |
| 1:45 | Construir | Palisade Wall |
| 1:46 | Construir | Palisade Wall |
| 1:48 | Construir | Palisade Wall |
| 1:50 | Construir | Palisade Wall |
| 2:40 | Crear | Villager (Male) |
| 2:41 | Crear | Villager (Male) |
| 2:41 | Crear | Villager (Male) |
| 2:41 | Crear | Villager (Male) |
| 3:47 | Crear | Fishing Ship |
| 4:10 | Crear | Villager (Male) |
| 4:45 | Crear | Villager (Male) |
| 5:01 | Crear | Villager (Male) |
| 5:02 | Crear | Villager (Male) |
| 5:32 | Crear | Villager (Male) |
| 5:34 | Crear | Villager (Male) |
| 5:37 | Construir | House |
| 5:52 | Crear | Villager (Male) |
| 6:14 | Crear | Villager (Male) |
| 6:35 | Crear | Villager (Male) |
| 6:54 | Crear | Fishing Ship |
| 7:00 | Crear | Villager (Male) |
| 7:45 | Investigar | Loom |
| 7:51 | Crear | Fishing Ship |
| 7:56 | Construir | House |
| 8:04 | Crear | Villager (Male) |
| 8:04 | Crear | Villager (Male) |
| 8:05 | Crear | Villager (Male) |
| 8:24 | Crear | Villager (Male) |
| 8:33 | Crear | Villager (Male) |
| 8:33 | Crear | Villager (Male) |
| 8:35 | Crear | Fishing Ship |
| 8:50 | Crear | Villager (Male) |
| 9:01 | Construir | Lumber Camp |
| 9:17 | Construir | House |
| 9:49 | Investigar | Feudal Age |
| 9:49 | Investigar | Feudal Age |
| 10:11 | Construir | Mill |
| 10:50 | Construir | Barracks |
| 11:21 | Crear | Villager (Male) |
| 11:32 | Construir | Mining Camp |
| 11:39 | Construir | House |
| 11:59 | Edad | Edad Feudal |
| 12:00 | Investigar | Double-Bit Axe |
| 12:12 | Investigar | Tech 906 |
| 12:23 | Construir | Stable |
| 12:23 | Crear | Villager (Male) |
| 12:30 | Construir | Archery Range |
| 12:47 | Crear | Villager (Male) |
| 12:56 | Crear | Spearman |
| 13:00 | Construir | House |
| 13:16 | Crear | Villager (Male) |
| 13:19 | Crear | Archer |
| 13:19 | Crear | Archer |
| 13:33 | Construir | Blacksmith |
| 13:37 | Construir | Farm |
| 13:44 | Crear | Villager (Male) |
| 13:46 | Crear | Villager (Male) |
| 13:49 | Crear | Archer |
| 14:06 | Construir | House |
| 14:21 | Crear | Archer |
| 14:36 | Crear | Villager (Male) |
| 14:39 | Investigar | Fletching |
| 14:39 | Investigar | Fletching |
| 14:51 | Crear | Villager (Male) |
| 14:54 | Construir | House |
| 14:57 | Construir | Palisade Wall |
| 15:08 | Construir | Market |
| 15:14 | Crear | Archer |
| 15:14 | Crear | Archer |
| 15:37 | Crear | Villager (Male) |
| 15:38 | Crear | Villager (Male) |
| 15:38 | Crear | Villager (Male) |
| 15:41 | Construir | Farm |
| 15:43 | Construir | Mill |
| 15:58 | Crear | Villager (Male) |
| 15:59 | Crear | Archer |
| 16:03 | Construir | Palisade Wall |
| 16:04 | Crear | Villager (Male) |
| 16:09 | Construir | Farm |
| 16:15 | Crear | Villager (Male) |
| 16:39 | Crear | Villager (Male) |
| 16:53 | Construir | House |
| 16:54 | Crear | Villager (Male) |
| 16:56 | Construir | Farm |
| 17:06 | Crear | Archer |
| 17:11 | Construir | House |
| 17:12 | Construir | Palisade Wall |
| 17:27 | Crear | Villager (Male) |
| 17:28 | Crear | Archer |
| 17:30 | Construir | Farm |
| 17:31 | Construir | Farm |
| 17:33 | Construir | Farm |
| 17:34 | Construir | Farm |
| 17:35 | Crear | Villager (Male) |
| 17:38 | Construir | House |
| 17:39 | Construir | Palisade Wall |
| 17:44 | Crear | Villager (Male) |
| 18:24 | Crear | Archer |
| 18:25 | Crear | Villager (Male) |
| 18:29 | Construir | Lumber Camp |
| 18:54 | Crear | Villager (Male) |
| 19:03 | Construir | Farm |
| 19:05 | Construir | Farm |
| 19:14 | Crear | Archer |
| 19:19 | Construir | House |
| 19:20 | Crear | Villager (Male) |
| 19:26 | Crear | Villager (Male) |
| 19:35 | Crear | Villager (Male) |
| 19:41 | Crear | Archer |
| 19:47 | Crear | Villager (Male) |
| 19:58 | Crear | Villager (Male) |
| 20:25 | Crear | Spearman |
| 20:26 | Crear | Spearman |
| 20:26 | Crear | Spearman |
| 20:46 | Crear | Villager (Male) |
| 20:58 | Crear | Spearman |
| 22:44 | Construir | Palisade Wall |
| 22:47 | Construir | Palisade Wall |
| 22:50 | Construir | Palisade Wall |
| 26:49 | Construir | Town Center |
| 29:17 | Crear | Villager (Male) |
| 29:17 | Crear | Villager (Male) |
| 29:59 | Crear | Villager (Male) |
| 30:00 | Crear | Villager (Male) |
| 30:51 | Crear | Villager (Male) |
| 30:51 | Crear | Villager (Male) |
| 31:42 | Crear | Villager (Male) |
| 31:43 | Crear | Villager (Male) |
| 32:27 | Crear | Villager (Male) |
| 32:27 | Crear | Villager (Male) |
| 32:42 | Crear | Villager (Male) |
| 32:43 | Crear | Villager (Male) |
| 33:41 | Crear | Villager (Male) |
| 33:42 | Crear | Villager (Male) |
| 33:42 | Crear | Villager (Male) |
| 33:42 | Crear | Villager (Male) |
| 34:03 | Crear | Villager (Male) |
| 34:34 | Crear | Villager (Male) |
| 34:35 | Crear | Villager (Male) |
| 34:46 | Crear | Villager (Male) |
| 34:46 | Crear | Villager (Male) |
| 35:02 | Crear | Villager (Male) |
| 35:02 | Crear | Villager (Male) |
| 36:05 | Crear | Villager (Male) |
| 36:06 | Crear | Villager (Male) |
| 36:15 | Construir | Mill |
| 36:18 | Crear | Villager (Male) |
Cronología de la partida
| 0:24 | Westbrook · first_building Dock |
| 0:26 | Westbrook · wall_segment Palisade Wall x1 |
| 0:26 | Heassa · first_building Dock |
| 0:29 | Westbrook · wall_segment Palisade Wall x1 |
| 0:39 | nono12 · first_building Dock |
| 0:45 | LM | L3ouis · first_building Dock |
| 0:46 | aioraaoe · first_building Dock |
| 0:48 | Buzzplash · first_building Dock |
| 1:38 | TopperHarley14 · first_building Dock |
| 1:42 | cachicuervoo · first_building Dock |
| 1:45 | LM | L3ouis · wall_segment Palisade Wall x1 |
| 1:46 | LM | L3ouis · wall_segment Palisade Wall x1 |
| 1:48 | LM | L3ouis · wall_segment Palisade Wall x1 |
| 1:50 | LM | L3ouis · wall_segment Palisade Wall x1 |
| 2:00 | aioraaoe · wall_segment Palisade Wall x1 |
| 2:07 | Westbrook · wall_segment Palisade Wall x1 |
| 2:12 | aioraaoe · wall_segment Palisade Wall x1 |
| 2:22 | aioraaoe · wall_segment Palisade Wall x1 |
| 2:33 | aioraaoe · wall_segment Palisade Wall x1 |
| 2:37 | aioraaoe · wall_segment Palisade Wall x1 |
| 2:38 | aioraaoe · wall_segment Palisade Wall x1 |
| 2:39 | aioraaoe · wall_segment Palisade Wall x1 |
| 2:46 | aioraaoe · wall_segment Palisade Wall x1 |
| 2:48 | aioraaoe · wall_segment Palisade Wall x1 |
| 3:06 | aioraaoe · wall_segment Palisade Wall x1 |
| 4:04 | TopperHarley14 · wall_segment Palisade Wall x1 |
| 4:11 | Heassa · wall_segment Palisade Wall x1 |
| 4:13 | Heassa · wall_segment Palisade Wall x1 |
| 4:15 | Heassa · wall_segment Palisade Wall x1 |
| 4:18 | Heassa · wall_segment Palisade Wall x1 |
| 4:22 | Heassa · wall_segment Palisade Wall x1 |
| 4:25 | Heassa · wall_segment Palisade Wall x1 |
| 4:51 | Heassa · wall_segment Palisade Wall x1 |
| 4:52 | Heassa · wall_segment Palisade Wall x1 |
| 5:11 | TopperHarley14 · wall_segment Palisade Wall x1 |
| 5:15 | TopperHarley14 · wall_segment Palisade Wall x1 |
| 10:50 | LM | L3ouis · first_building Barracks |
| 11:59 | LM | L3ouis · age_up feudal |
| 12:23 | LM | L3ouis · first_building Stable |
| 12:27 | TopperHarley14 · age_up feudal |
| 12:30 | LM | L3ouis · first_building Archery Range |
| 12:44 | Buzzplash · age_up feudal |
| 12:51 | cachicuervoo · wall_segment Palisade Wall x1 |
| 13:24 | cachicuervoo · first_market_sell 100 stone |
| 13:26 | Westbrook · age_up feudal |
| 13:27 | aioraaoe · age_up feudal |
| 14:00 | Heassa · age_up feudal |
| 14:22 | Westbrook · first_market_sell 100 food |
| 14:40 | Westbrook · wall_segment Palisade Wall x1 |
| 14:57 | LM | L3ouis · wall_segment Palisade Wall x9 |
| 15:05 | Buzzplash · first_market_sell 100 food |
| 15:12 | nono12 · age_up feudal |
| 15:47 | Westbrook · first_market_buy 100 wood |
| 16:03 | LM | L3ouis · wall_segment Palisade Wall x6 |
| 16:29 | cachicuervoo · first_building Castle |
| 16:30 | nono12 · first_market_sell 100 food |
| 16:42 | Westbrook · wall_segment Palisade Wall x10 |
| 16:44 | aioraaoe · wall_segment Palisade Wall x4 |
| 16:47 | aioraaoe · wall_segment Palisade Wall x6 |
| 17:02 | Westbrook · age_up castle |
| 17:07 | aioraaoe · age_up castle |
| 17:12 | LM | L3ouis · wall_segment Palisade Wall x4 |
| 17:39 | LM | L3ouis · wall_segment Palisade Wall x6 |
| 17:41 | aioraaoe · first_building Krepost |
| 17:54 | Buzzplash · age_up castle |
| 18:02 | Buzzplash · first_building Castle |
| 18:20 | Heassa · age_up castle |
| 18:44 | nono12 · age_up castle |
| 18:45 | Heassa · first_market_buy 100 food |
| 18:51 | aioraaoe · first_market_sell 100 wood |
| 18:52 | nono12 · first_market_buy 100 wood |
| 19:17 | Heassa · first_building Castle |
| 20:40 | cachicuervoo · first_building Siege Workshop |
| 20:59 | TopperHarley14 · first_market_sell 100 food |
| 21:08 | TopperHarley14 · age_up castle |
| 21:27 | aioraaoe · first_building Siege Workshop |
| 22:18 | cachicuervoo · first_market_buy 100 wood |
| 22:44 | LM | L3ouis · wall_segment Palisade Wall x1 |
| 22:47 | LM | L3ouis · wall_segment Palisade Wall x1 |
| 22:50 | LM | L3ouis · wall_segment Palisade Wall x1 |
| 23:08 | Heassa · first_building Monastery |
| 23:11 | Westbrook · first_building Monastery |
| 23:38 | TopperHarley14 · first_building Monastery |
| 23:52 | TopperHarley14 · first_building Barracks |
| 23:53 | Westbrook · wall_segment Stone Wall x3 |
| 23:59 | Westbrook · first_building Castle |
| 24:42 | LM | L3ouis · first_market_sell 100 stone |
| 25:09 | TopperHarley14 · first_market_buy 100 food |
| 25:11 | aioraaoe · wall_segment Palisade Wall x1 |
| 25:12 | aioraaoe · wall_segment Palisade Wall x1 |
| 25:51 | aioraaoe · first_market_buy 100 stone |
| 26:12 | Buzzplash · first_building Monastery |
| 26:41 | LM | L3ouis · first_market_buy 100 wood |
| 27:10 | nono12 · first_building Monastery |
| 27:29 | Buzzplash · first_building Barracks |
| 27:39 | Westbrook · age_up imperial |
| 28:14 | Westbrook · wall_segment Stone Wall x1 |
| 28:15 | Westbrook · wall_segment Stone Wall x1 |
| 28:18 | aioraaoe · wall_segment Palisade Wall x1 |
| 28:26 | Westbrook · wall_segment Stone Wall x1 |
| 28:27 | Westbrook · wall_segment Stone Wall x1 |
| 28:29 | Westbrook · wall_segment Stone Wall x1 |
| 28:29 | Buzzplash · first_building Stable |
| 28:37 | nono12 · first_building Barracks |
| 28:53 | Buzzplash · first_building Archery Range |
| 29:10 | Westbrook · wall_segment Stone Wall x1 |
| 29:24 | Westbrook · wall_segment Stone Wall x1 |
| 29:26 | Westbrook · wall_segment Stone Wall x1 |
| 29:28 | Westbrook · wall_segment Stone Wall x1 |
| 29:54 | Westbrook · wall_segment Stone Wall x1 |
| 30:05 | Buzzplash · first_market_buy 100 food |
| 30:30 | TopperHarley14 · wall_segment Stone Wall x6 |
| 30:31 | TopperHarley14 · wall_segment Stone Wall x11 |
| 30:37 | nono12 · age_up imperial |
| 30:52 | Heassa · first_building Barracks |
| 31:28 | cachicuervoo · wall_segment Stone Wall x10 |
| 31:31 | cachicuervoo · wall_segment Stone Wall x12 |
| 31:38 | nono12 · first_building Siege Workshop |
| 31:55 | TopperHarley14 · wall_segment Stone Wall x16 |
| 31:55 | Heassa · first_building Stable |
| 32:04 | TopperHarley14 · first_building Siege Workshop |
| 33:14 | cachicuervoo · wall_segment Stone Wall x9 |
| 33:24 | Heassa · first_market_sell 100 wood |
| 33:34 | aioraaoe · wall_segment Palisade Wall x1 |
| 33:35 | aioraaoe · wall_segment Palisade Wall x1 |
| 33:38 | TopperHarley14 · wall_segment Palisade Wall x1 |
| 33:59 | cachicuervoo · wall_segment Stone Wall x7 |
| 34:17 | nono12 · first_building Castle |
| 35:05 | Westbrook · first_building Siege Workshop |
| 35:21 | aioraaoe · first_building Barracks |
| 36:05 | aioraaoe · first_building Castle |
| 36:07 | Westbrook · wall_segment Stone Wall x10 |
| 36:11 | Westbrook · wall_segment Stone Wall x11 |
| 36:42 | Westbrook · resign |
| 36:47 | Heassa · age_up imperial |
[ ANÁLISIS IA · 1 CRÉDITO ]
¿Qué pasó realmente en esta partida?
Wolo.gg analiza cada decisión: build order, eco, micro, errores típicos por bracket. Análisis personalizado por WhatsApp o Discord en 30 segundos.
Guía civ
Búlgaros
Perfil
Jugador #19672434